 Dungeon Crawl Stone Soup version 0.28-a0-851-g8b9cc49659 (webtiles) character file.

Game seed: 10825349426490513084

130 mandarbmax the Conjurer (level 4, -1/33 HPs)
             Began as a Draconian Fire Elementalist on Nov 14, 2021.
             Killed from afar by an orc wizard (8 damage)
             ... with a puff of flame
             ... on level 3 of the Dungeon.
             The game lasted 00:04:46 (3328 turns).

mandarbmax the Conjurer (DrFE)                      Turns: 3328, Time: 00:04:47

Health: -1/33      AC:  5    Str: 10    XL:     4   Next: 90%
Magic:  0/8        EV: 27    Int: 17    God:
Gold:   82         SH:  0    Dex: 11    Spells: 6/9 levels left

rFire   . . .      SeeInvis .   c - +0 whip
rCold   . . .      Faith    .   (no shield)
rNeg    . . .      Spirit   .   (armour unavailable)
rPois   .          Reflect  .   (helmet restricted)
rElec   .          Harm     .   (no cloak)
rCorr   .          Rampage  .   (no gloves)
Will    .....                   (no boots)
Stlth   ++........              n - amulet of the acrobat
HPRegen 0.11/turn               h - ring of wizardry
MPRegen 0.11/turn               (no ring)

@: acrobatic, very slightly contaminated
A: AC +5, unfitting armour, cold-blooded
a: no special abilities


You were on level 3 of the Dungeon.
You visited 1 branch of the dungeon, and saw 3 of its levels.

You collected 82 gold pieces.

Inventory:

Hand Weapons
 c - a +0 whip (weapon)
Armour
 o - a +0 pair of gloves
Jewellery
 h - a ring of wizardry (left hand)
 n - an amulet of the acrobat (around neck)
Scrolls
 a - 3 scrolls of identify {unknown}
 f - a scroll of acquirement {unknown}
 j - a scroll of amnesia {unknown}
 l - a scroll of immolation {unknown}
 m - a scroll of enchant weapon {unknown}
Potions
 b - a potion of cancellation {unknown}
 d - a potion of heal wounds {unknown}
 e - 2 potions of flight {unknown}
 g - a potion of brilliance {unknown}
 i - a potion of berserk rage {unknown}
 k - a potion of degeneration {unknown}


   Skills:
 - Level 2.0 Dodging
 - Level 1.7 Stealth
 - Level 3.0 Spellcasting
 + Level 4.0 Conjurations
 - Level 3.0 Fire Magic


You had 6 spell levels left.
You knew the following spells:

 Your Spells              Type           Power      Damage    Failure   Level
a - Foxfire               Conj/Fire      56%        2x1d6     1%          1
b - Scorch                Fire           24%        2d6       3%          2

Your spell library contained the following spells:

 Spells                   Type           Power      Damage    Failure   Level
 Conjure Flame            Conj/Fire      14%        6-21      4%          3
 Corpse Rot               Necr/Air       4%         N/A       11%         2
 Poisonous Vapours        Pois/Air       4%         N/A       11%         2
 Inner Flame              Hex/Fire       7%         N/A       12%         3
 Flame Wave               Conj/Fire      14%        3d5       16%         4


Dungeon Overview and Level Annotations

Branches:
Dungeon (3/15)

Altars:


Innate Abilities, Weirdness & Mutations

Your plain brown scales are hard. (AC +5)
You cannot fit into any form of body armour.
You are cold-blooded and may be slowed by cold attacks.


Message History

The rat misses you. The orc priest barely misses you.
You conjure some foxfire!
The foxfire hits the orc priest.
The orc priest is severely wounded.
The foxfire hits the orc priest.
You kill the orc priest!
Something hits you but does no damage. The rat bites you.
Your Conjurations skill increases to level 4!
You miscast Foxfire.
You are very lightly contaminated with residual magic.
Nothing appears to happen.
The foxfire hits something. x2; Something hits you.
The rat closely misses you.
Unknown command.
Okay, then.
You are too depleted to draw on your mana recklessly!
You are too depleted to draw on your mana recklessly!
You are too depleted to draw on your mana recklessly!
You are too depleted to draw on your mana recklessly!
You hit the rat.
You kill the rat!
You hear some strange, mumbled words.
A puff of flame appears from out of thin air!
The puff of flame hits you!
* * * LOW HITPOINT WARNING * * *
Something hits you but does no damage.
You see here a rat corpse.
You barely miss something. Something hits you but does no damage.
You hit something but do no damage.
Your tail-slap misses something.
Something hits you.
* * * LOW HITPOINT WARNING * * *
Unknown command.
Okay, then.
Casting: Foxfire (safe; 1% risk of failure)
Confirm with . or Enter, or press ? or * to list all spells.
You conjure some foxfire!
Something hits you but does no damage.
Unknown command.
The foxfire hits something. x2
You hear some strange, mumbled words.
A puff of flame appears from out of thin air!
The puff of flame hits you!
You die...

###.##########......#
#...#..)..#.........#
###'#.###.#..(#######
#......#.##..#####
#......#.........#
#......###.......#
##......# #.......#
........# #....)..#
####....# #...{†@.#
##############†####
#8###8###8# ..)#
.........##.....
.........##.#.#.
####.....##... .#
###...8#.#. .#
#...##... .# #...#


There were no monsters in sight!

Vanquished Creatures
  An orc priest (D:3)
  4 adders
  A worm (D:2)
  An orc (D:3)
  3 endoplasms
  5 giant cockroaches
  5 goblins
  2 hobgoblins
  4 jackals (D:2)
  6 kobolds
  5 quokkas
  6 ball pythons
  10 bats
  3 frilled lizards
  3 rats
59 creatures vanquished.

Vanquished Creatures (others)
  272 foxfires
272 creatures vanquished.

Grand Total: 331 creatures vanquished

Notes
Turn   | Place    | Note
-------+----------+-------------------------------------------
     0 | D:1      | mandarbmax the Draconian Fire Elementalist began the quest
                  | for the Orb.
     0 | D:1      | Reached XP level 1. HP: 14/14 MP: 3/3
   623 | D:1      | Reached XP level 2. HP: 20/20 MP: 0/5
  1030 | D:1      | Learned a level 2 spell: Scorch
  1345 | D:1      | Found a faded altar of an unknown god.
  1477 | D:2      | Reached skill level 2 in Conjurations
  1552 | D:2      | Reached XP level 3. HP: 21/26 MP: 2/6
  3019 | D:3      | Reached XP level 4. HP: 33/33 MP: 5/8
  3114 | D:3      | Reached skill level 3 in Conjurations
  3322 | D:3      | Reached skill level 4 in Conjurations
  3328 | D:3      | Killed from afar by an orc wizard

Illustrated notes

Levels and vault maps discovered:
D:1:      amcnicky_arrival_double_pillar, layout_basic,
          chequers_ecumenical_altar_lobes, minmay_misc_feat_plants,
          minmay_tromino_i4
D:2:      layout_rooms
D:3:      layout_basic, serial_corexii_hall, chequers_hall_statues_corner_a,
          corexii_hall_statues_t

Skill      XL: |  1  2  3  4 |
---------------+-------------+-----
Dodging        | 2 |  2.0
Conjurations   | 2 4 |  4.0
Spellcasting   | 3 |  3.0
Stealth        | |  1.7
Fire Magic     | |  3.0

Action                   |  1- 3 |  4- 6 || total
-------------------------+-------+-------++-------
Melee: Unarmed           |     5 |       ||     5
       Tailslap          |     2 |       ||     2
       Whip              |    39 |     6 ||    45
 Cast: Foxfire           |   145 |    18 ||   163
       Scorch            |     5 |       ||     5
 Stab: Sleeping          |     1 |       ||     1
Armor: Skin              |    22 |     7 ||    29
Dodge: Dodged            |    44 |     9 ||    53

Table legend: (Time is in decaauts)
 A = Elapsed time spent in this place.
 B = Non-inter-level travel time spent in this place.
 C = Inter-level travel time spent in this place.
 D = Time resting spent in this place.
 E = Time spent auto-exploring this place.
 F = Levels seen in this place.
 G = Mean time per level.
                   A        B        C        D        E       F      G
               +--------+--------+--------+--------+--------+-----+--------+
         Total |   3330 |   3277 |     53 |    234 |   2648 |   3 | 1110.0 |
       Dungeon |   3330 |   3277 |     53 |    234 |   2648 |   3 | 1110.0 |
               +--------+--------+--------+--------+--------+-----+--------+

Top non-repeatable levels by time:
     D:1: 1471 daAuts
     D:2: 1187 daAuts
     D:3: 672 daAuts
